 Dungeon Crawl Stone Soup version 0.20-a0-681-gf83e07f (webtiles) character file.

108 polly the Slasher (level 4, -2/34 HPs)
             Began as a Demonspawn Gladiator on Feb 18, 2017.
             Slain by polly's ghost (7 damage)
             ... on level 3 of the Dungeon.
             The game lasted 00:02:13 (1592 turns).

polly the Slasher (Demonspawn Gladiator)            Turns: 1592, Time: 00:02:14

Health: -2/34      AC: 11    Str: 15    XL:     4   Next: 58%
Magic:  4/4        EV:  8    Int:  9    God:
Gold:   85         SH:  0    Dex: 15    Spells: 3/3 levels left

rFire    + . .     SeeInvis .   a - +0 long sword
rCold    + . .     Gourm    .   n - +0 storm dragon scales
rNeg     . . .     Faith    .   (no shield)
rPois    .         Spirit   .   c - +0 helmet
rElec    +         Reflect  .   i - scarf {rC+ rF+}
rCorr    .         Harm     .   (no gloves)
MR       .....                  (no boots)
Stlth    ..........             (no amulet)
Regen    0.2/turn               (no ring)
MPRegen  0.1/turn               (no ring)

@: no status effects
A: foul stench 1, rot immunity, sturdy frame 1
a: no special abilities


You were on level 3 of the Dungeon.
You were hungry.

You visited 1 branch of the dungeon, and saw 3 of its levels.

You collected 85 gold pieces.

Inventory:

Hand Weapons
 a - a +0 long sword (weapon)
Missiles
 d - 3 throwing nets (quivered)
Armour
 c - a +0 helmet (worn)
 i - a scarf of resistance (worn)
 n - +0 storm dragon scales (worn)
Scrolls
 b - 4 scrolls of remove curse {unknown}
 g - a scroll of identify {unknown}
 m - a scroll of blinking {unknown}
 o - a scroll of enchant armour {unknown}
Potions
 e - a potion of cancellation {unknown}
 j - a potion of heal wounds {unknown}
 k - 3 potions of might {unknown}
 l - a potion of berserk rage {unknown}
Comestibles
 f - a bread ration
 h - a meat ration


   Skills:
 + Level 2.6 Fighting
 + Level 4.1 Long Blades
 + Level 1.8 Throwing
 + Level 1.0 Armour
 + Level 3.0 Dodging
 + Level 0.2 Stealth


You had 3 spell levels left.
You didn't know any spells.

Dungeon Overview and Level Annotations

Branches:
Dungeon (3/15)

Altars:
Cheibriados
Trog

Annotations:
D:3 polly's ghost, amateur DsGl


Innate Abilities, Weirdness & Mutations

You may emit foul miasma when damaged in melee.
You are immune to rotting.
Your movements are slightly less encumbered by armour. (ER -2)


Message History

You slash the adder!
You kill the adder!
Your Long Blades skill increases to level 4!
Polly's ghost hits you!
You barely miss polly's ghost.
Polly's ghost hits you but does no damage.
You hit polly's ghost.
Polly's ghost is lightly damaged.
Polly's ghost closely misses you.
You barely miss polly's ghost.
Polly's ghost is lightly damaged.
Polly's ghost hits you!
* * * LOW HITPOINT WARNING * * *
You emit a cloud of foul miasma!
You hit polly's ghost but do no damage.
Polly's ghost is lightly damaged.
Polly's ghost hits you.
* * * LOW HITPOINT WARNING * * *
Polly's ghost hits you!
You die...

..# #.# ### #.# # ##.##
## ##...## .## #.#.#.# #
..## #.#.#.# #.## ...##
#...#.# .....
....####....######......
....'..........(@Wh.....
...[####...#######......
...###........# ..)#.
..## #.###.##.# .## .##
#.# #.##.# # ## #.#
#.##.# # #.# #.##.# #
#.###.##.# ## #........#


You could see polly's ghost and a jackal.

Vanquished Creatures
  3 gnolls (D:2)
  3 adders
  4 dart slugs (D:1)
  3 giant cockroaches
  9 hobgoblins
  3 jackals (D:3)
  A quokka (D:2)
  A ball python (D:1)
  6 bats
  3 frilled lizards
  3 goblins
  4 kobolds
  3 rats
46 creatures vanquished.

Notes
Turn   | Place    | Note
-------+----------+-------------------------------------------
     0 | D:1      | polly the Demonspawn Gladiator began the quest for the Orb.
     0 | D:1      | Reached XP level 1. HP: 16/16 MP: 1/1
   104 | D:1      | Reached skill level 3 in Long Blades
   113 | D:1      | Gained mutation: You are immune to rotting. [demonic ancestry]
   113 | D:1      | Reached XP level 2. HP: 14/22 MP: 2/2
   552 | D:2      | Gained mutation: Your movements are slightly less encumbered by armour. (ER -2) [demonic ancestry]
   552 | D:2      | Reached XP level 3. HP: 24/28 MP: 3/3
   594 | D:2      | Found a bloodstained altar of Trog.
   705 | D:2      | Gained mutation: You may emit foul miasma when damaged in melee. [demonic ancestry]
   705 | D:2      | Reached XP level 4. HP: 26/34 MP: 4/4
   723 | D:2      | Found a snail-covered altar of Cheibriados.
  1567 | D:3      | Noticed polly's ghost (amateur DsGl)
  1582 | D:3      | Reached skill level 1 in Armour
  1588 | D:3      | Reached skill level 4 in Long Blades
  1592 | D:3      | Slain by polly's ghost

Vault maps used:
D:1:      dpeg_arrival_round_a
D:2:      cheibriados_altar_1, bloody_trog
D:3:      lemuel_doored_altar

Skill      XL: |  1  2  3  4 |
---------------+-------------+-----
Long Blades    | 3 4 |  4.1
Dodging        | 3 |  3.0
Armour         | 1 |  1.0
Fighting       | |  2.6
Throwing       | |  1.8
Stealth        | |  0.2

Action                   |  1- 3 |  4- 6 || total
-------------------------+-------+-------++-------
Melee: Long sword        |    82 |    78 ||   160
  Eat: Chunk             |       |     2 ||     2
Armor: Leather armour    |     6 |       ||     6
       Plate armour      |    47 |    49 ||    96
       Storm dragon scal |       |     5 ||     5
Dodge: Dodged            |    43 |    23 ||    66
       Rpst.: Long sword |    17 |     9 ||    26
